 Dungeon Crawl Stone Soup version 0.23.2 (webtiles) character file.

Game seed: 9533865754501796453

186 Fang the Skirmisher (level 5, -4/34 HPs)
             Began as a Gargoyle Berserker on Apr 1, 2019.
             Was a Believer of Trog.
             Killed from afar by an orc wizard (8 damage)
             ... with a magic dart
             ... on level 5 of the Dungeon.
             The game lasted 00:01:40 (1719 turns).

Fang the Skirmisher (Gargoyle Berserker)            Turns: 1719, Time: 00:01:41

Health: -4/34      AC:  6    Str: 21    XL:     5   Next: 65%
Magic:  5/5        EV: 12    Int:  8    God:    Trog [**....]
Gold:   160        SH:  0    Dex:  9    Spells: 4/4 levels left

rFire    + . .     SeeInvis .   a - +0 hand axe
rCold    x . .     Gourm    .   (no shield)
rNeg     + . .     Faith    .   b - +0 animal skin
rPois    ∞         Spirit   .   (no helmet)
rElec    +         Reflect  .   (no cloak)
rCorr    .         Harm     .   (no gloves)
MR       .....                  (no boots)
Stlth    ++........             (no amulet)
HPRegen  0.11/turn              e - ring of stealth
MPRegen  0.09/turn              q - ring of fire

@: berserk cooldown, slowed, very slow
A: negative energy resistance 1, electricity resistance, unbreathing,
petrification resistance, rot immunity, AC +4
a: Berserk, Trog's Hand, Renounce Religion


You were on level 5 of the Dungeon.
You worshipped Trog.
Trog was pleased with you.
You were hungry.

You visited 1 branch of the dungeon, and saw 4 of its levels.

You collected 160 gold pieces.

Inventory:

Hand Weapons
 a - a +0 hand axe (weapon)
Armour
 b - a +0 animal skin (worn)
Jewellery
 e - a ring of stealth (left hand)
 p - an uncursed ring of positive energy
 q - a ring of fire (right hand)
Scrolls
 f - 2 scrolls of noise {unknown}
 g - 3 scrolls of identify {unknown}
 h - a scroll of fog {unknown}
 i - 2 scrolls of remove curse {unknown}
 j - a scroll of immolation {unknown}
 k - a scroll of fear {unknown}
Potions
 d - a potion of might {unknown}
 m - 2 potions of degeneration {unknown}
 n - a potion of heal wounds {unknown}
 o - a potion of berserk rage {unknown}
Comestibles
 c - 5 rations
 l - a chunk of flesh


   Skills:
 + Level 4.4 Fighting
 + Level 3.5 Axes
 + Level 3.5 Armour
 + Level 2.6 Dodging


You had 4 spell levels left.
You didn't know any spells.
Your spell library was empty.

Dungeon Overview and Level Annotations

Branches:
Dungeon (3/15)

Altars:
Okawaru
Qazlal
Ru
Trog
Wu Jian

Shops:
D:5 !

Annotations:
D:3 3 runed translucent doors, withersans's ghost, amateur DEWn


Innate Abilities, Weirdness & Mutations

You are resistant to torment.
Your stone body is resilient. (AC +4)
You are immune to poison.
You resist negative energy. (rN+)
You are resistant to electric shocks. (rElec)
You can survive without breathing.
You are immune to petrification.
You are immune to rotting.


Message History

The orc hits you with a cursed -1 hand axe.
* * * LOW HITPOINT WARNING * * *
You hit the orc.
You kill the orc!
Trog accepts your kill.
You completely miss something. Something hits you.
* * * LOW HITPOINT WARNING * * *
Something hits you but does no damage.
You closely miss something.
Something hits you but does no damage. x2
Something barely misses you.
You feel less confused.
You barely miss something. Something hits you but does no damage.
You hear some strange, mumbled words.
A puff of flame appears from out of thin air!
The puff of flame hits you but does no damage.
You closely miss something.
You hear some strange, mumbled words.
A magic dart appears from out of thin air!
The magic dart hits you!
You die...

#### #..
#.#########
####.###.#$......#
......)..@.#####.#
#######)#.......$#
#.#...#.....
#.......##.#
###...####.#
#........#
##.#......#
#...####### #...#


There were no monsters in sight!

Vanquished Creatures
  A crimson imp (D:5)
  A jelly (D:5)
  An orc priest (D:5)
  A gnoll (D:1)
  2 adders (D:2)
  2 oozes (D:2)
  An adder zombie (D:5)
  A dart slug (D:2)
  2 leopard geckos (D:2)
  2 orcs (D:5)
  5 bats
  3 giant cockroaches
  9 goblins
  6 hobgoblins
  2 kobolds (D:1)
  3 quokkas
  A ball python (D:2)
  4 frilled lizards
  4 rats
51 creatures vanquished.

Notes
Turn   | Place    | Note
-------+----------+-------------------------------------------
     0 | D:1      | Fang the Gargoyle Berserker began the quest for the Orb.
     0 | D:1      | Reached XP level 1. HP: 14/14 MP: 1/1
    94 | D:1      | Reached XP level 2. HP: 19/19 MP: 2/2
   358 | D:1      | Reached XP level 3. HP: 22/24 MP: 3/3
  1046 | D:2      | Found a stormy altar of Qazlal.
  1207 | D:2      | Reached ** piety under Trog
  1273 | D:2      | Reached XP level 4. HP: 29/29 MP: 4/4
  1280 | D:2      | Reached skill level 4 in Fighting
  1339 | D:2      | Found an iron altar of Okawaru.
  1339 | D:2      | Found a bloodstained altar of Trog.
  1559 | D:3      | Found a runed translucent gate.
  1560 | D:3      | Found a runed translucent gate.
  1561 | D:3      | Found a runed translucent gate.
  1568 | D:3      | Noticed withersans's ghost (amateur DEWn)
  1587 | D:3      | You fall through a shaft for 2 floors!
  1587 | D:5      | Entered Level 5 of the Dungeon
  1587 | D:5      | Found Lenoudgh's Distillery.
  1588 | D:5      | Found a sacrificial altar of Ru.
  1627 | D:5      | Reached XP level 5. HP: 31/33 MP: 5/5
  1654 | D:5      | Found an ornate altar of the Wu Jian Council.
  1719 | D:5      | Killed from afar by an orc wizard

Skill      XL: |  1  2  3  4 |
---------------+-------------+-----
Axes           | 3 |  3.5
Dodging        | 2 |  2.6
Fighting       | 4 |  4.4
Armour         | 3 |  3.5

Action                   |  1- 3 |  4- 6 || total
-------------------------+-------+-------++-------
Melee: Hand axe          |   112 |    76 ||   188
Invok: Berserk           |       |     1 ||     1
 Stab: Sleeping          |     5 |     4 ||     9
  Eat: Chunk             |     1 |     2 ||     3
Armor: Animal skin       |    44 |    36 ||    80
Dodge: Dodged            |    82 |    46 ||   128
